 Dungeon Crawl Stone Soup version 0.25-a0-96-g4073cf8 (webtiles) character file.

Game seed: 6999853796164301197, levelgen mode: deterministic

2088 Lianjan the Fighter (level 9, -2/46 HPs)
             Began as a Felid Venom Mage on Nov 11, 2019.
             Was a Priest of Sif Muna.
             Slain by an unseen horror (5 damage)
             ... on level 10 of the Dungeon.
             The game lasted 01:10:42 (20340 turns).

Lianjan the Fighter (Felid Venom Mage)             Turns: 20340, Time: 01:10:43

Health: -2/46      AC:  2    Str:  4    XL:     9   Next: 6%
Magic:  2/20       EV: 18    Int: 22    God:    Sif Muna [***...]
Gold:   662        SH:  0    Dex: 17    Spells: 4/21 levels left
                                        Lives:  0   Deaths: 3

rFire    . . .     SeeInvis +   (weapon unavailable)
rCold    . . .     Gourm    .   (shield unavailable)
rNeg     . . .     Faith    .   (armour unavailable)
rPois    .         Spirit   .   (helmet unavailable)
rElec    .         Reflect  .   (cloak unavailable)
rCorr    .         Harm     .   (gloves unavailable)
MR       +....                  (boots unavailable)
Stlth    +++.......             (no amulet)
HPRegen  0.15/turn              (no ring)
MPRegen  0.17/turn              v - +2 ring of intelligence

@: quick
A: very small, no armour, no weapons or thrown items, stealth, claws 1, fangs 3,
see invisible, carnivore, speed 1, shaggy fur 2, slow metabolism 1, sharp paws
a: Channel Magic, Forget Spell, Renounce Religion


You were on level 10 of the Dungeon.
You worshipped Sif Muna.
Sif Muna was most pleased with you.
You were not hungry.

You visited 1 branch of the dungeon, and saw 10 of its levels.
You also visited: Sewer.

You collected 662 gold pieces.

Inventory:

Jewellery
 j - an uncursed amulet of guardian spirit
 v - a +2 ring of intelligence (right paw)
Wands
 c - a wand of paralysis (7)
 f - a wand of digging (7)
 o - a wand of random effects (38)
Scrolls
 a - 3 scrolls of immolation
 n - 4 scrolls of teleportation
 r - a scroll of identify
 u - 2 scrolls of remove curse
Potions
 d - 2 potions of brilliance
 e - a potion of curing
 g - a potion of flight
 h - 6 potions of lignification
 i - 2 potions of berserk rage
 k - a potion of invisibility
 l - a potion of magic
 m - 2 potions of might
 p - 2 potions of degeneration
 q - 2 potions of mutation
 s - a potion of resistance
 t - 2 potions of agility
 x - a potion of heal wounds {unknown}
Comestibles
 b - 20 rations


   Skills:
 + Level 9.4 Fighting
 - Level 2.6 Dodging
 - Level 3.0 Stealth
 + Level 6.9 Spellcasting
 - Level 7.0 Conjurations
 - Level 2.0 Air Magic
 + Level 6.3 Poison Magic
 + Level 5.9 Invocations


You had 4 spell levels left.
You knew the following spells:

 Your Spells              Type           Power        Failure   Level  Hunger
a - Magic Dart            Conj           ####         1%          1    None
b - Poisonous Vapours     Pois/Air       ####..       2%          2    None
c - Mephitic Cloud        Conj/Pois/Air  ####....     3%          3    None
d - Olgreb's Toxic Radia  Pois           #####...     6%          4    ###....
e - Call Imp              Summ           #.......     13%         2    None
f - Blink                 Tloc           N/A          13%         2    None
g - Conjure Flame         Conj/Fire      ###.....     6%          3    None

Your spell library contained the following spells:

 Spells                   Type           Power        Failure   Level  Hunger
 Sting                    Conj/Pois      ####         1%          1    None
 Apportation              Tloc           #.....       9%          1    None
 Summon Butterflies       Summ           #.......     9%          1    None
 Slow                     Hex            #.......     13%         2    None
 Lesser Beckoning         Tloc           #.........   26%         3    None
 Tukima's Dance           Hex            #.......     26%         3    None
 Venom Bolt               Conj/Pois      #####.....   14%         5    #####..
 Alistair's Intoxication  Tmut/Pois      ###.....     52%         5    #####..
 Invisibility             Hex            #.......     100%        6    ######.


Dungeon Overview and Level Annotations

Branches:
Dungeon (10/15)            Temple (0/1) D:7           Sewer (visited)
   Lair: D:8-11         Orc: D:9-12

Altars:
Cheibriados
Dithmenos
Fedhas
Hepliaklqana
Kikubaaqudgha
Makhleb
Qazlal
Sif Muna
Yredelemnul
Zin

Annotations:
D:8 3 runed translucent doors, porpoise's ghost, novice GnSk
D:9 2 transporters


Innate Abilities, Weirdness & Mutations

You cannot wear armour.
You are incapable of wielding weapons or throwing items.
Your paws allow you to move quietly. (Stealth)
You have sharp claws.
You have razor-sharp teeth.
You have supernaturally acute eyesight. (SInv)
You are carnivorous and can eat meat at any time.
You cover ground quickly.
You are covered in thick fur. (AC +2)
You have a slow metabolism.
Your sharp claws are effective at attacking unaware monsters.


Message History

The unseen horror completely misses you.
The two-headed ogre looks more healthy.
The unseen horror completely misses you.
The unseen horror hits you.
An orc comes into view. It is wielding a +0 dagger.
The unseen horror barely misses you.
Found a ration.
The unseen horror barely misses you. The unseen horror hits you.
The unseen horror completely misses you.
The unseen horror closely misses you. The unseen horror hits you.
Something misses your crimson imp. The unseen horror closely misses you.
The crimson imp lashes its tail.
The unseen horror closely misses you. Something hits your crimson imp!
The unseen horror misses you. The unseen horror hits you!
* * * LOW HITPOINT WARNING * * *
The unseen horror hits you.
You die...

........o.#.#.......)....#.##
.......G5.##..##.#..........##
....on#####.#######..........#
......######### ##........<#
.....5#####.#.# #...[.....<#
....o.#####..# #.........<#
......#####.#######.........†#
.......O.........#.#........##
...............x@.##......###
.............?.....#....###
..................#.#....#
............$........#..##
####..#................##
####.#............#...##
####%#.###........(####
....#..#...# #.(.####


You could see an unseen horror (invisible).

Vanquished Creatures
  A two-headed ogre (D:9)
  Nergalle (D:10)
  5 yaks
  A wyvern (D:8)
  A human (D:8)
  3 vampire mosquitoes (D:9)
  4 hogs (D:8)
  Edmund (D:4)
  A water moccasin (D:9)
  2 ice beasts (D:8)
  2 sky beasts
  A black bear (D:8)
  3 orc warriors
  A phantom (D:9)
  A necrophage (D:9)
  4 ogres
  2 centaurs (D:9)
  A wyvern zombie (D:8)
  7 bullfrogs
  3 scorpions
  3 killer bees (D:8)
  A howler monkey (D:9)
  2 crimson imps
  6 hounds
  A gnoll shaman (D:4)
  5 orc priests
  A jelly (D:7)
  3 iguanas
  13 orc wizards
  7 worker ants
  A centaur simulacrum (D:8)
  A worker ant zombie (D:9)
  9 gnolls
  A howler monkey skeleton (D:7)
  10 adders
  An ufetubus (D:8)
  2 oozes
  4 worms
  5 dart slugs
  An adder simulacrum (D:8)
  6 leopard geckos
  22 orcs
  3 ball pythons
  7 giant cockroaches
  9 goblins
  8 hobgoblins
  13 jackals
  3 quokkas
  11 bats
  6 frilled lizards
  A jackal skeleton (D:9)
  11 kobolds
  A leopard gecko skeleton (D:7)
  7 rats
230 creatures vanquished.

Vanquished Creatures (collateral kills)
  A hungry ghost (D:7)
  A wyvern skeleton (D:5)
  2 crimson imps (D:7)
  2 centaur zombies
  A bullfrog skeleton (D:7)
  A worker ant zombie (D:5)
  A white imp (D:8)
  2 adder skeletons
  An adder zombie (D:7)
  A giant cockroach (D:6)
  2 gnoll zombies (D:7)
  A quokka simulacrum (D:8)
  A quokka zombie (D:6)
17 creatures vanquished.

Vanquished Creatures (others)
  3 fungi (D:10)
  A plant (D:10)
4 creatures vanquished.

Grand Total: 251 creatures vanquished

Notes
Turn   | Place    | Note
-------+----------+-------------------------------------------
     0 | D:1      | Lianjan the Felid Venom Mage began the quest for the Orb.
     0 | D:1      | Reached XP level 1. HP: 7/7 MP: 4/4
    82 | D:1      | Reached skill level 1 in Conjurations
   186 | D:1      | Reached XP level 2. HP: 3/11 MP: 0/6
   190 | D:1      | Learned a level 2 spell: Poisonous Vapours
   807 | D:1      | Reached XP level 3. HP: 8/15 MP: 1/7
  1299 | D:1      | Reached skill level 1 in Fighting
  2148 | D:2      | Reached XP level 4. HP: 19/19 MP: 3/9
  2288 | D:2      | Learned a level 3 spell: Mephitic Cloud
  2365 | D:2      | Found an ancient bone altar of Kikubaaqudgha.
  2371 | D:2      | Found a snail-covered altar of Cheibriados.
  2371 | D:2      | Found a glowing silver altar of Zin.
  2737 | D:2      | Found a shimmering blue altar of Sif Muna.
  2775 | D:2      | Became a worshipper of Sif Muna the Loreminder
  3114 | D:3      | Reached skill level 1 in Air Magic
  3121 | D:3      | Reached skill level 2 in Fighting
  3336 | D:3      | Found a burning altar of Makhleb.
  3590 | D:3      | Found a glowing drain.
  3594 | Sewer    | Entered a sewer
  3596 | Sewer    | Reached XP level 5. HP: 17/22 MP: 7/10
  4052 | Sewer    | Reached * piety under Sif Muna
  5477 | D:3      | Gained mutation: You are covered in thick fur. (AC +2)
                  | [Felid growth]
  5477 | D:3      | Reached XP level 6. HP: 11/27 MP: 5/11
  5531 | D:3      | Learned a level 4 spell: Olgreb's Toxic Radiance
  5659 | D:4      | Noticed Edmund
  5670 | D:4      | Killed Edmund
  5670 | D:4      | Reached skill level 3 in Fighting
  6554 | D:4      | Found a snail-covered altar of Cheibriados.
  6630 | D:4      | Reached XP level 7. HP: 31/31 MP: 7/13
  6957 | D:4      | Found a blossoming altar of Fedhas.
  7074 | D:5      | Entered Level 5 of the Dungeon
  7459 | D:5      | Reached skill level 4 in Fighting
  8136 | D:5      | Found a hazy altar of Hepliaklqana.
  8136 | D:5      | Found a stormy altar of Qazlal.
  9049 | D:6      | Reached skill level 5 in Poison Magic
  9254 | D:6      | Found a shadowy altar of Dithmenos.
  9449 | D:6      | Found a glowing silver altar of Zin.
  9584 | D:6      | Reached skill level 5 in Fighting
  9728 | D:6      | Noticed a manticore
  9782 | D:6      | Learned a level 2 spell: Call Imp
  9830 | D:6      | Reached XP level 8. HP: 37/37 MP: 8/15
 10410 | D:6      | Learned a level 2 spell: Blink
 11156 | D:6      | Slain by a manticore
 11157 | D:6      | Reached XP level 7. HP: -2/49 MP: 1/14
 11266 | D:7      | Noticed a hungry ghost
 11287 | D:7      | Killed a hungry ghost
 12454 | D:7      | Found a staircase to the Ecumenical Temple.
 12467 | D:7      | Learned a level 1 spell: Magic Dart
 12530 | D:7      | Reached XP level 8. HP: 38/38 MP: 8/16
 12633 | D:7      | Reached skill level 6 in Fighting
 12677 | D:7      | Reached skill level 5 in Spellcasting
 13368 | D:7      | Learned a level 3 spell: Conjure Flame
 13528 | D:7      | Found a basalt altar of Yredelemnul.
 14384 | D:8      | Reached ** piety under Sif Muna
 14748 | D:8      | Reached skill level 7 in Fighting
 15244 | D:7      | Reached skill level 1 in Invocations
 15244 | D:7      | Reached XP level 9. HP: 43/43 MP: 0/18
 15490 | D:7      | Reached skill level 5 in Conjurations
 16043 | D:8      | Found a runed translucent gate.
 16044 | D:8      | Found a runed translucent gate.
 16044 | D:8      | Found a runed translucent gate.
 16048 | D:8      | Noticed porpoise's ghost (novice GnSk)
 16522 | D:8      | Reached skill level 8 in Fighting
 17701 | D:9      | Reached XP level 10. HP: 22/49 MP: 0/20
 18027 | D:9      | Found a transporter.
 18874 | D:9      | Noticed a two-headed ogre
 18897 | D:9      | Killed a two-headed ogre
 18897 | D:9      | Reached skill level 5 in Invocations
 19089 | D:9      | Found a transporter.
 19094 | D:9      | Noticed a great orb of eyes
 19124 | D:9      | Reached *** piety under Sif Muna
 19124 | D:9      | Reached skill level 9 in Fighting
 19191 | D:10     | Entered Level 10 of the Dungeon
 19794 | D:10     | Noticed Nergalle
 19825 | D:9      | Slain by a vampire mosquito
 19826 | D:9      | Reached XP level 9. HP: 0/45 MP: 1/19
 19864 | D:10     | Noticed an unseen horror
 19864 | D:10     | Noticed a two-headed ogre
 19882 | D:10     | Killed Nergalle
 19898 | D:9      | Slain by a vampire mosquito
 19899 | D:9      | Reached XP level 8. HP: -5/42 MP: 5/19
 19919 | D:9      | Reached XP level 9. HP: 44/45 MP: 3/20
 20338 | D:10     | HP: 2/46 [unseen horror (12)]
 20340 | D:10     | Slain by an unseen horror

Levels and vault maps discovered:
D:1:      eino_arrival_cavern_a, layout_basic, minmay_pentomino_x4
D:2:      layout_loops_ring, led_sif_pool, grunt_temple_overflow_open
D:3:      layout_basic, overflow_temple_1_default, first_ration,
          gup_sewer_entry_bowl, minivault_11
D:4:      layout_cave_pools, fedhas_altar_fruit_tree, kennysheep_slug_shrine,
          uniq_edmund
D:5:      layout_loops_ring, chequers_temple_overflow_statue_of_worship,
          kennysheep_donut
D:6:      layout_basic, nicolae_dithmenos_the_darkroom, basic_altar
D:7:      layout_loops_ring, lemuel_zombie_altar_yredelemnul,
          minmay_temple_entry_gardened_gates
D:8:      layout_basic, serial_ice, serial_ice_d, serial_ice_f, serial_ice_k,
          serial_ice_m, ebering_ghost_rock_garden, grunt_livestock
D:9:      gammafunk_jiyva_shrine, layout_rooms, hangedman_decor_opposing
D:10:     layout_big_octagon, grunt_lair_entry_orc_guard_hut, serial_shops,
          shop, uniq_nergalle

Skill      XL: |  1  2  3  4  5  6  7  8  9 10 |
---------------+-------------------------------+-----
Conjurations   | 1 2 3 4 6 7 |  7.0
Poison Magic   | 3 4 6 |  6.3
Fighting       | 1 2 3 5 7 8 9 |  9.4
Air Magic      | 1 2 |  2.0
Stealth        | 3 |  3.0
Spellcasting   | 3 4 5 6 |  6.9
Invocations    | 1 4 5 |  5.9
Dodging        | |  2.6

Action                   |  1- 3 |  4- 6 |  7- 9 | 10-12 || total
-------------------------+-------+-------+-------+-------++-------
Melee: Unarmed           |    63 |    58 |   143 |     3 ||   267
       Bite              |     1 |     6 |    10 |       ||    17
 Cast: Sting             |    69 |   143 |    26 |       ||   238
       Poisonous Vapours |     6 |    43 |    82 |    11 ||   142
       Mephitic Cloud    |       |     8 |     9 |       ||    17
       Call Imp          |       |       |    56 |     7 ||    63
       Magic Dart        |       |       |   126 |    86 ||   212
       Blink             |       |       |     8 |    12 ||    20
       Olgreb's Toxic Ra |       |       |    25 |    11 ||    36
       Conjure Flame     |       |       |    20 |     7 ||    27
Evoke: Wand              |       |       |     1 |     7 ||     8
  Use: Scroll            |       |    11 |     8 |     8 ||    27
       Potion            |       |     3 |     2 |     1 ||     6
 Stab: Sleeping          |       |     3 |       |       ||     3
       Confused          |       |       |     2 |       ||     2
       Paralysed         |       |       |     7 |       ||     7
       Distracted        |       |       |     5 |       ||     5
  Eat: Chunk             |    11 |    11 |    30 |     6 ||    58
Armor: Skin              |     7 |    10 |    32 |     4 ||    53
Dodge: Dodged            |    76 |   136 |   196 |    37 ||   445

Table legend:
 A = Non-vault XP
 B = Vault XP
 C = Vault XP percentage of total XP
 D = Non-vault monster count
 E = Vault monster count
 F = Vault count percentage of total count
                 A         B        C        D         E       F
            +---------+---------+-------+---------+---------+-------
      Total |    7656 |    2722 |  26.2 |     205 |      42 |  17.0
            +---------+---------+-------+---------+---------+-------
        D:1 |      65 |      10 |  13.3 |      33 |       3 |   8.3
        D:2 |      80 |       2 |   2.4 |      22 |       1 |   4.3
        D:3 |     148 |       3 |   2.0 |      20 |       1 |   4.8
        D:4 |     265 |     170 |  39.1 |      13 |       2 |  13.3
        D:5 |     224 |       0 |   0.0 |       9 |       0 |   0.0
        D:6 |     550 |       0 |   0.0 |      11 |       0 |   0.0
        D:7 |    1086 |     435 |  28.6 |      30 |       4 |  11.8
        D:8 |     887 |    1216 |  57.8 |      19 |      12 |  38.7
        D:9 |    3966 |       0 |   0.0 |      45 |       0 |   0.0
       D:10 |     385 |     848 |  68.8 |       3 |       2 |  40.0
      Sewer |       0 |      38 | 100.0 |       0 |      17 | 100.0
            +---------+---------+-------+---------+---------+-------
